 Dungeon Crawl Stone Soup version 0.26-a0-466-g989023bd0d (webtiles) character file.

Game seed: 899640384720802852

28 1player the Chiller (level 3, -3/26 HPs)
             Began as a Human Ice Elementalist on Aug 13, 2020.
             Killed from afar by a white imp (7 damage)
             ... with a puff of frost
             ... on level 2 of the Dungeon.
             The game lasted 00:05:24 (1137 turns).

1player the Chiller (Human Ice Elementalist)        Turns: 1137, Time: 00:05:25

Health: -3/26      AC:  2    Str:  8    XL:     3   Next: 30%
Magic:  1/6        EV: 12    Int: 16    God:
Gold:   76         SH:  0    Dex: 13    Spells: 5/6 levels left

rFire    . . .     SeeInvis .   n - +0 dagger
rCold    . . .     Faith    .   (no shield)
rNeg     . . .     Spirit   .   a - +0 robe
rPois    .         Reflect  .   (no helmet)
rElec    .         Harm     .   (no cloak)
rCorr    .                      (no gloves)
MR       .....                  (no boots)
Stlth    ++........             (no amulet)
HPRegen  0.08/turn              (no ring)
MPRegen  0.10/turn              (no ring)

@: no status effects
A: no striking features
a: no special abilities


You were on level 2 of the Dungeon.
You visited 1 branch of the dungeon, and saw 2 of its levels.

You collected 76 gold pieces.

Inventory:

Hand Weapons
 n - a +0 dagger (weapon)
Armour
 a - a +0 robe (worn)
Jewellery
 p - an uncursed ring of wizardry {unknown}
Scrolls
 b - a scroll of noise
 e - a scroll of teleportation
 g - a scroll of amnesia {unknown}
 h - a scroll of identify {unknown}
 k - a scroll of remove curse {unknown}
 l - a scroll of blinking {unknown}
 o - a scroll of magic mapping {unknown}
Potions
 c - a potion of might {unknown}
 d - a potion of lignification {unknown}
 i - a potion of flight {unknown}
 j - a potion of brilliance {unknown}


   Skills:
 + Level 1.3 Fighting
 - Level 2.0 Dodging
 - Level 2.0 Stealth
 - Level 2.0 Spellcasting
 * Level 4.7 Ice Magic


You had 5 spell levels left.
You knew the following spells:

 Your Spells              Type           Power        Failure   Level
q - Freeze                Ice            ###.         3%          1

Your spell library contained the following spells:

 Spells                   Type           Power        Failure   Level
 Frozen Ramparts          Ice            ###...       9%          3
 Ozocubu's Armour         Ice            ###.....     9%          3
 Hailstorm                Conj/Ice       #.......     61%         4
 Summon Ice Beast         Ice/Summ       #.......     61%         4


Dungeon Overview and Level Annotations

Branches:
Dungeon (2/15)

Altars:

Annotations:
D:2 exclusion: adder


Message History

The white imp closely misses you.
Casting: Freeze (safe; 3% risk of failure)
Confirm with . or Enter, or press ? or * to list all spells.
Aiming: Freeze (safe; 3% risk of failure)
Press: ? - help, Shift-Dir - straight line, f/p - white imp
Aim: a white imp (lightly wounded)
The white imp completely resists.
You freeze the white imp but do no damage.
The white imp hits you but does no damage.
The white imp gestures at you. The puff of frost misses you.
The white imp spits at you.
Okay, then.
The white imp gestures at you. The puff of frost hits you!
* * * LOW HITPOINT WARNING * * *
The adder falls through a shaft!
The shaft crumbles and collapses.
The white imp gestures at you. The puff of frost hits you!
You die...

.....
#.<.........#
.S...
#...........#
....#
#...........#
## ....
#...........#
#.
#####'##'####
#. ..........#
#.
#..........#
#.
#..........#
#.
#........@.#
#.
#..........#
#.
#........○.#
#.
#[.........#
#.
#.........5#
#.
#..........#
..
#..........#
##
###..........#
#............#


You could see a white imp.

Vanquished Creatures
  An adder (D:2)
  A giant cockroach (D:1)
  A goblin (D:1)
  2 hobgoblins
  2 kobolds (D:1)
  4 bats
  2 frilled lizards (D:1)
  8 rats (D:1)
21 creatures vanquished.

Notes
Turn   | Place    | Note
-------+----------+-------------------------------------------
     0 | D:1      | 1player the Human Ice Elementalist began the quest for the
                  | Orb.
     0 | D:1      | Reached XP level 1. HP: 13/13 MP: 3/3
   368 | D:1      | Reached XP level 2. HP: 20/20 MP: 1/5
   710 | D:1      | Reached skill level 1 in Fighting
  1047 | D:2      | Reached XP level 3. HP: 24/26 MP: 1/6
  1137 | D:2      | Killed from afar by a white imp

Illustrated notes

Levels and vault maps discovered:
D:1:      dpeg_arrival_tiny_d, layout_loops_ring, serial_bayou_crossing
D:2:      minmay_thinvault, layout_basic, kennysheep_small_spiral,
          nemelex_diamond_rough_becter

Skill      XL: |  1  2 |
---------------+-------+-----
Fighting       | 1 |  1.3
Dodging        | |  2.0
Stealth        | |  2.0
Spellcasting   | |  2.0
Ice Magic      | |  4.7

Action                   || total
-------------------------++-------
Melee: Dagger            ||     1
 Cast: Freeze            ||    34
  Use: Scroll            ||     2
Armor: Robe              ||     5
Dodge: Dodged            ||    18

Table legend: (Time is in decaauts)
 A = Elapsed time spent in this place.
 B = Non-inter-level travel time spent in this place.
 C = Inter-level travel time spent in this place.
 D = Time resting spent in this place.
 E = Time spent auto-exploring this place.
 F = Levels seen in this place.
 G = Mean time per level.
                   A        B        C        D        E       F      G
               +--------+--------+--------+--------+--------+-----+--------+
         Total |   1145 |   1062 |     83 |    256 |    303 |   2 |  572.5 |
       Dungeon |   1145 |   1062 |     83 |    256 |    303 |   2 |  572.5 |
               +--------+--------+--------+--------+--------+-----+--------+

Top non-repeatable levels by time:
     D:1: 1006 daAuts
     D:2: 138 daAuts
